 Dungeon Crawl Stone Soup version 0.17-a0-1510-gb3fb22e (webtiles) character file.

40 Eleanoora the Poker (level 3, -4/29 HPs)
             Began as a Centaur Warper on July 11, 2015.
             Slain by Natasha (7 damage)
             ... on level 2 of the Dungeon.
             The game lasted 00:02:23 (1470 turns).

Eleanoora the Poker (Centaur Warper)                Turns: 1470, Time: 00:02:23

Health: -4/29      AC:  4    Str: 13    XL:     3   Next: 30%
Magic:  5/5        EV:  9    Int: 12    God:
Gold:   16         SH:  0    Dex:  9    Spells: 1 memorised, 4 levels left

rFire  . . .     SeeInvis .     a - +0 spear
rCold  . . .     Clarity  .     b - +0 leather armour
rNeg   . . .     SustAt   .     (no shield)
rPois  .         Gourm    .     (no helmet)
rElec  .         Spirit   .     (no cloak)
rCorr  .         Warding  .     (no gloves)
rMut   .         Stasis   .     (no barding)
MR     .....                    (no amulet)
Stlth  ..........               (no ring)
                                (no ring)

@: slowed, not resistant to hostile enchantments, extremely unstealthy
A: hooves 3, deformed body, speed 2, tough skin 3
a: no special abilities


You were on level 2 of the Dungeon.
You were hungry.

You visited 1 branch of the dungeon, and saw 2 of its levels.

You collected 16 gold pieces.


Innate Abilities, Weirdness & Mutations

You have hooves in place of feet.
Armour fits poorly on your strangely shaped body.
You cover ground very quickly.
You have extremely tough skin (AC +3).


   Skills:
 - Level 2.0 Fighting
 + Level 3.3 Polearms
 - Level 1.5 Throwing
 - Level 0.8 Armour
 - Level 1.3 Dodging
 - Level 1.5 Spellcasting
 - Level 2.6 Translocations


You had 4 spell levels left.
You knew the following spells:

 Your Spells              Type           Power        Failure   Level  Hunger
a - Apportation           Tloc           #.........   14%         1    ##.....

Inventory:

Hand weapons
 a - a +0 spear (weapon)
Missiles
 e - 5 tomahawks of dispersal
 h - 33 stones (quivered)
Armour
 b - a +0 leather armour (worn)
Scrolls
 d - a scroll of blinking
 g - a scroll of identify {unknown}
 j - 2 scrolls of remove curse {unknown}
Potions
 i - a potion of heal wounds {unknown}
Books
 c - a book of Spatial Translocations
Comestibles
 f - a bread ration

Dungeon Overview and Level Annotations

Branches:
Dungeon (2/15)

Altars:

Annotations:
D:2 Natasha


Message History

You feel yourself slow down.
Attack whom?
Press: ? - help, Dir - move target cursor, f/p - Natasha
Aim: Natasha (severely wounded)
You barely miss Natasha.
Natasha is severely wounded.
Natasha claws you!
Attack whom?
Press: ? - help, Dir - move target cursor, f/p - Natasha
Aim: Natasha (severely wounded)
You closely miss Natasha.
Natasha is severely wounded.
Natasha claws you.
Attack whom?
Press: ? - help, Dir - move target cursor, f/p - Natasha
Aim: Natasha (severely wounded)
You barely miss Natasha. You kick Natasha, but do no damage.
Natasha is severely wounded.
Natasha closely misses you. Natasha claws you but does no damage.
Attack whom?
Press: ? - help, Dir - move target cursor, f/p - Natasha
Aim: Natasha (severely wounded)
You hit Natasha. Your kick misses Natasha.
Natasha is severely wounded.
Natasha casts a spell at you. The magic dart hits you!
Attack whom?
Press: ? - help, Dir - move target cursor, f/p - Natasha
Aim: Natasha (severely wounded)
You hit Natasha.
Natasha is almost dead.
Natasha extends her claws.
Natasha stares at you and mumbles some strange words.
The magic dart hits you! Natasha claws you!
You die...

#....#.....
###....#........
...............
..............
.............
#............
##............
#...###.......
#....@h5......
........##.#?....
#......... ... ...
#............... .
#........#..)..?#
#........#..%.....
#.................
......... #......


You could see Natasha and a shadow imp.

Action                   || total
-------------------------++-------
Melee: Spear             ||   146
  Eat: Chunk             ||     1

Notes
Turn   | Place    | Note
--------------------------------------------------------------
     0 | D:1      | Eleanoora the Centaur Warper began the quest for the Orb.
     0 | D:1      | Reached XP level 1. HP: 17/17 MP: 3/3
    89 | D:1      | Reached skill level 2 in Polearms
   163 | D:1      | Reached XP level 2. HP: 24/24 MP: 4/4
   749 | D:1      | Reached skill level 3 in Polearms
   768 | D:1      | Reached XP level 3. HP: 26/29 MP: 5/5
  1057 | D:2      | Noticed Natasha
  1470 | D:2      | Slain by Natasha

Vault maps used:
D:1:      dpeg_arrival_ternary
D:2:      grunt_temple_overflow_forces_of_nature, tgw_trog, first_bread,
          hangedman_decor_riveting, uniq_natasha

Vanquished Creatures
  A worm
  2 giant geckos
  A ball python
  3 bats
  A hobgoblin
  A giant cockroach
  2 giant newts
  5 goblins
  5 jackals
  9 kobolds
  2 rats
32 creatures vanquished.
